 Dungeon Crawl Stone Soup version 0.31-a0-348-g810772c3d7 (webtiles) character file.

Game seed: 13213958104634692867

1320 Bnni the Insei (level 8, -1/38 HPs)
             Began as an Octopode Shapeshifter on July 23, 2023.
             Killed from afar by a steam dragon (16 damage)
             ... with a ball of steam
             ... on level 6 of the Dungeon.
             The game lasted 00:05:23 (4049 turns).

Bnni the Insei (Octopode Shapeshifter)              Turns: 4049, Time: 00:05:23

Health: -1/38      AC:  1    Str: 14    XL:     8   Next: 59%
Magic:  8/8        EV: 13    Int: 10    God:
Gold:   82         SH:  0    Dex: 15    Spells: 7/7 levels left

rFire   . .          .
                       - Unarmed
rCold   . . .        (no shield)
rNeg    . . .        (helmet restricted)
rPois   .            (no amulet)
rElec   .            k - ring of wizardry
rCorr   .            (no ring)
SInv    .            (no ring)
Will    .....        (no ring)
Stlth   ++           (no ring)
HPRegen 0.26/turn    (no ring)
MPRegen 0.11/turn    (no ring)
                     (no ring)

%: wizardry (x1)
@: maw-form
A: devouring maw, reduced hp, almost no armour, amphibious, 8 rings, camouflage
1, gelatinous body 1, (nimble swimmer 1), tentacles
a: Begin Untransformation


You were on level 6 of the Dungeon.
You were a creature with a mouth for a stomach.
You visited 1 branch of the dungeon, and saw 6 of its levels.

You collected 196 gold pieces.
You spent 114 gold pieces at shops.

Inventory:

Missiles
 g - 12 poisoned darts
Jewellery
 k - a ring of wizardry (left tentacle)
Talismans
 b - a beast talisman
 m - a maw talisman
Wands
 i - a wand of flame (31)
Scrolls
 d - 2 scrolls of enchant weapon
 f - a scroll of fog {unknown}
 j - 3 scrolls of amnesia
 l - a scroll of teleportation
 n - a scroll of revelation
Potions
 a - 2 potions of berserk rage
 c - 2 potions of might {unknown}
 e - a potion of curing {unknown}
 h - a potion of heal wounds


   Skills:
 + Level 4.5 Fighting
 - Level 2.0 Dodging
 * Level 7.1 Unarmed Combat
 * Level 6.1 Shapeshifting


You had 7 spell levels left.
You didn't know any spells.
Your spell library contained the following spells:

 Spells                   Type           Power      Damage    Failure   Level
 Kiss of Death            Conj/Necr      0%         2d5       16%         1
 Confusing Touch          Hex            0%         N/A       41%         3
 Dispel Undead            Necr           0%         3d6       80%         4


Dungeon Overview and Level Annotations

Branches:
Dungeon (6/15)
 Temple: D:4-7

Altars:

Shops:
D:5 *


Innate Abilities, Weirdness & Mutations

You are a creature with a mouth for a stomach.
Your midsection houses a second, enormous mouth.
Your maximum health is decreased, since you lack skill for your form.
You cannot wear most types of armour.
You are amphibious.
You can wear up to eight rings at the same time.
Your skin changes colour to match your surroundings (Stealth+).
Your rubbery body absorbs attacks. (AC +1, EV +1)
((You are camouflaged when in or above water. (Stealth+)))
You have tentacles for arms and can constrict up to eight enemies at once.


Message History

You open the door.
There is an open door here.
There is an open door here.
There is an entrance to Xinlyitinuts's General Store here.
There is an open door here.
Done exploring.
Done exploring.
You see here a maw talisman.
m - a maw talisman You begin transforming.
You continue transforming. x3
Your transformation has ended.
You turn into a creature with a mouth for a stomach.
You are a creature with a mouth for a stomach.
You have 8 tentacles available for constriction.
Your movement speed is average.
Your attack delay is about 0.8.
Your damage rating with unarmed combat is about 14 (Base [5 + 7 (UC)] x 110% (Str) x 107% (Fight)).
Done exploring.
There is a stone staircase leading down here.
You climb downwards.
Found 15 gold pieces and a ring mail.
Found a stone staircase leading down.
There is a stone staircase leading up here.
Found a stone staircase leading up.
The steam dragon hisses angrily.
The steam dragon bites you. The steam dragon closely misses you.
You tentacle-slap the steam dragon but do no damage.
Your bite misses the steam dragon.
You tentacle-slap the steam dragon but do no damage.
The steam dragon bites you. The steam dragon claws you.
You closely miss the steam dragon. The steam dragon closely misses you.
The steam dragon claws you.
You tentacle-slap the steam dragon. Your squeeze misses the steam dragon.
The steam dragon is moderately wounded.
The steam dragon bites you! The steam dragon claws you.
You are too injured to fight recklessly!
You tentacle-slap the steam dragon but do no damage.
You bite the steam dragon.
The steam dragon is moderately wounded.
The steam dragon breathes steam at you. The ball of steam hits you!
You die...

# ####.## #.
##.<...##
#.##.......##
#...........#
...........#
#......$..#
#.D.......#
#..W......#
##.......##
#..<......#
#.........#
#.........#
#......>..#
#.........#
##...[...##
##.....##


You could see a steam dragon (catching breath).

Vanquished Creatures
  The ghost of MrAu the Shield-Bearer, an amateur FoFi of Makhleb (D:3)
  Sigmund (D:4)
  2 black bears
  An ogre (D:5)
  A phantom (D:5)
  A kobold brigand (D:3)
  2 scorpions
  2 hounds (D:5)
  2 iguanas
  Jessica (D:2)
  An orc wizard (D:5)
  Natasha (thrice) (D:2)
  3 gnolls (D:3)
  6 adders
  3 worms
  3 dart slugs
  16 orcs
  6 bats
  8 endoplasms
  2 giant cockroaches (D:1)
  2 goblins (D:1)
  5 hobgoblins
  11 jackals
  10 kobolds
  A quokka (D:3)
  3 ball pythons
  3 frilled lizards
100 creatures vanquished.

Notes
Turn   | Place    | Note
-------+----------+-------------------------------------------
     0 | D:1      | Bnni the Octopode Shapeshifter began the quest for the Orb.
     0 | D:1      | Reached XP level 1. HP: 13/13 MP: 1/1
   233 | D:1      | Reached XP level 2. HP: 18/18 MP: 2/2
   497 | D:1      | Reached XP level 3. HP: 20/23 MP: 3/3
   977 | D:2      | Noticed Jessica
   986 | D:2      | Killed Jessica
   987 | D:2      | Reached XP level 4. HP: 8/29 MP: 4/4
  1221 | D:2      | Noticed Natasha
  1228 | D:2      | Killed Natasha
  1229 | D:2      | Reached skill level 4 in Unarmed Combat
  1267 | D:2      | Noticed Natasha
  1273 | D:2      | Killed Natasha
  1274 | D:2      | Reached XP level 5. HP: 32/34 MP: 5/5
  1365 | D:2      | Noticed Natasha
  1370 | D:2      | Killed Natasha
  1884 | D:3      | Found a runed translucent gate.
  1884 | D:3      | Found a runed translucent gate.
  1884 | D:3      | Found a runed translucent gate.
  1884 | D:3      | Noticed MrAu's ghost (amateur FoFi)
  1885 | D:3      | Noticed a kobold brigand
  2189 | D:3      | Reached XP level 6. HP: 41/41 MP: 6/6
  2408 | D:3      | Killed MrAu's ghost
  2409 | D:3      | Reached skill level 5 in Unarmed Combat
  2409 | D:3      | Reached XP level 7. HP: 24/46 MP: 7/7
  2563 | D:3      | Identified the +4 mace of Gravity {freeze, Str+7 Int+3
                  | Dex-4}
  2694 | D:4      | Noticed Sigmund
  2703 | D:4      | Killed Sigmund
  2704 | D:4      | Reached skill level 5 in Shapeshifting
  3043 | D:4      | Reached skill level 6 in Unarmed Combat
  3340 | D:5      | Entered Level 5 of the Dungeon
  3446 | D:4      | Reached XP level 8. HP: 41/54 MP: 8/8
  3761 | D:5      | Reached skill level 7 in Unarmed Combat
  3991 | D:5      | Found Xinlyitinuts's General Store.
  3996 | D:5      | Bought a scroll of identify for 24 gold pieces
  3996 | D:5      | Bought a scroll of revelation for 90 gold pieces
  4049 | D:6      | Killed from afar by a steam dragon

Illustrated notes

Levels and vault maps discovered:
D:1:      tarquinn_simple_flora_water_e, layout_loops_ring
D:2:      layout_loops_ring, uniq_natasha, uniq_jessica
D:3:      layout_loops_ring, gammafunk_ghost_nasty_kobolds
D:4:      layout_loops_ring, uniq_sigmund
D:5:      layout_rooms, serial_shops, nicolae_shop_hallway_plus
D:6:      layout_rooms, nicolae_kikubaaqudgha_miasma_corner,
          minmay_temple_entry_proselytizer, corexii_leaking_fountain

Skill      XL: |  1  2  3  4  5  6  7  8 |
---------------+-------------------------+-----
Fighting       | 2 3 4 |  4.5
Unarmed Combat | 4 5 6 7 |  7.1
Shapeshifting  | 4 5 6 |  6.1
Dodging        | |  2.0

Action                     |  1- 3 |  4- 6 |  7- 9 || total
---------------------------+-------+-------+-------++-------
  Melee: Unarmed           |    48 |    94 |    93 ||   235
         Constrict         |    13 |    15 |    23 ||    51
         Tentacles         |     8 |     9 |    17 ||    34
         Punch             |     4 |     1 |    11 ||    16
         Maw               |       |       |     1 ||     1
  Throw: Dart              |       |       |     8 ||     8
    Use: Potion            |       |     3 |       ||     3
         Scroll            |       |     2 |     2 ||     4
   Stab: Sleeping          |     5 |     5 |     6 ||    16
 Armour: Skin              |     5 |    37 |    22 ||    64
  Dodge: Dodged            |    18 |    37 |    60 ||   115
   Form: Maw               |       |       |     1 ||     1

Table legend: (Time is in decaauts)
 A = Elapsed time spent in this place.
 B = Non-inter-level travel time spent in this place.
 C = Inter-level travel time spent in this place.
 D = Time resting spent in this place.
 E = Time spent auto-exploring this place.
 F = Levels seen in this place.
 G = Mean time per level.
                   A        B        C        D        E       F      G
               +--------+--------+--------+--------+--------+-----+--------+
         Total |   4028 |   3898 |    130 |    198 |   3085 |   6 |  671.3 |
       Dungeon |   4028 |   3898 |    130 |    198 |   3085 |   6 |  671.3 |
               +--------+--------+--------+--------+--------+-----+--------+

Top non-repeatable levels by time:
     D:3: 1143 daAuts
     D:4: 876 daAuts
     D:1: 760 daAuts
     D:2: 679 daAuts
     D:5: 562 daAuts
     D:6: 6 daAuts
